 Dungeon Crawl Stone Soup version 0.31.0-11-ge490571c62 (webtiles) character file.

Game seed: 348400575963483821

87 qw the Shooter (level 4, -4/22 HPs)
             Began as a Spriggan Hunter on Feb 5, 2024.
             Slain by Grinder (7 damage)
             ... on level 3 of the Dungeon.
             The game lasted 00:00:40 (1899 turns).

qw the Shooter (Spriggan Hunter)                    Turns: 1899, Time: 00:00:40

Health: -4/22      AC:  3    Str: 13    XL:     4   Next: 28%
Magic:  5/5        EV: 20    Int: 10    God:
Gold:   95         SH:  5    Dex: 20    Spells: 3/3 levels left

rFire   . . .        a - +0 shortbow
rCold   . . .        (shield currently unavailable)
rNeg    . . .        c - +0 robe
rPois   +            (helmet restricted)
rElec   .            h - +0 cloak
rCorr   .            (gloves unavailable)
SInv    +            (boots unavailable)
Will    .....        k - amulet of reflection
Stlth   ++           g - +6 ring of strength
HPRegen 0.23/turn    i - ring of poison resistance
MPRegen 0.09/turn

%: reflection
@: hasted, very quick
A: very small, no large weapons, unfitting armour, see invisible, speed 3
a: no special abilities


You were on level 3 of the Dungeon.
You visited 1 branch of the dungeon, and saw 3 of its levels.

You collected 115 gold pieces.
You spent 20 gold pieces at shops.


Innate Abilities, Weirdness & Mutations

You are very small and have problems with some larger weapons.
You are too small for most types of armour.
You have supernaturally acute eyesight. (SInv)
You cover ground extremely quickly. (Speed+++)


   Skills:
 - Level 1.5 Fighting
 - Level 5.0 Ranged Weapons
 + Level 4.7 Dodging
 - Level 1.5 Stealth


You had 3 spell levels left.
You didn't know any spells.
Your spell library was empty.

Inventory:

Hand Weapons
 a - a +0 shortbow (weapon)
Armour
 c - a +0 robe (worn)
 h - a +0 cloak (worn)
Jewellery
 g - a +6 ring of strength (left hand)
 i - a ring of poison resistance (right hand)
 k - an amulet of reflection (around neck)
Scrolls
 j - a scroll of identify
Potions
 b - a potion of degeneration {unknown}
 d - 2 potions of enlightenment
 e - a potion of heal wounds {unknown}

Dungeon Overview and Level Annotations

Branches:
Dungeon (3/15)

Altars:

Shops:
D:2 *

Annotations:
D:3 Grinder


Message History

You shoot an arrow.
The arrow hits Grinder but does no damage.
Grinder is lightly wounded.
Grinder closely misses you.
You shoot an arrow. The arrow closely misses Grinder.
You shoot an arrow. The arrow hits Grinder.
Grinder is lightly wounded.
You block Grinder's attack.
You shoot an arrow. The arrow hits Grinder!
Grinder is moderately wounded.
Grinder says, "Make like a tree!"
Grinder closely misses you.
You shoot an arrow. The arrow hits Grinder.
Grinder is heavily wounded.
You shoot an arrow. The arrow barely misses Grinder.
Grinder closely misses you.
You shoot an arrow. The arrow hits Grinder.
Grinder is heavily wounded.
Grinder hits you!
You writhe in agony.
You shoot an arrow. The arrow hits Grinder.
Grinder is heavily wounded.
Grinder hits you.
You writhe in agony.
You shoot an arrow. The arrow hits Grinder.
Grinder is severely wounded.
You shoot an arrow. The arrow hits Grinder.
Grinder is severely wounded.
Grinder closely misses you.
You shoot an arrow. The arrow closely misses Grinder.
Grinder completely misses you.
You shoot an arrow. The arrow barely misses Grinder.
Grinder closely misses you.
You shoot an arrow. The arrow hits Grinder.
Grinder is almost dead.
You shoot an arrow. The arrow hits Grinder.
Grinder is almost dead.
Grinder misses you.
You shoot an arrow. The arrow barely misses Grinder.
Grinder hits you!
You die...
Grinder says, "Hey, I wasn't done torturing you yet!"

....# ...# .. .#. ...#
#. ..## ...#######
#.#+#+.... ......##..
#......... ....#.##.#
###......... ....# ...
.....?%.... #...# #.#
####5........ #...#
#.###.###@.......
.#..####................
.:........##.##.########
#.#..####.##.##.# #.#..#
#.##....# #.#..#
#.####### .....# ..#
#.##.# ### .. #.#


You could see Grinder.

Vanquished Creatures
  2 adders (D:2)
  A gnoll (D:1)
  A dart slug (D:3)
  A ribbon worm (D:2)
  5 endoplasms
  A giant cockroach (D:2)
  6 hobgoblins
  2 jackals (D:1)
  4 kobolds
  4 quokkas
  6 ball pythons
  7 bats
  3 frilled lizards
  8 goblins
  A rat (D:1)
52 creatures vanquished.

Notes
Turn   | Place    | Note
-------+----------+-------------------------------------------
     0 | D:1      | qw the Spriggan Hunter began the quest for the Orb.
     0 | D:1      | Reached XP level 1. HP: 10/10 MP: 2/2
     0 | D:1      | 0 ||| qw: Version: 0.3-a-160-g6735b56
     0 | D:1      | 0 ||| qw: Game counter: 6486
     0 | D:1      | 0 ||| qw: Melee chars always use a shield: true
     0 | D:1      | 0 ||| qw: God list: Okawaru
     0 | D:1      | 0 ||| qw: Allow faded altars: false
     0 | D:1      | 0 ||| qw: Do Orc after clearing Dungeon:15 true
     0 | D:1      | 0 ||| qw: Do second Lair branch before Depths: true
     0 | D:1      | 0 ||| qw: Lair rune preference: random
     0 | D:1      | 0 ||| qw: Goals: Normal
     0 | D:1      | 0 ||| PLANNING D:1-11
    58 | D:1      | Reached skill level 3 in Dodging
   105 | D:1      | Reached XP level 2. HP: 14/14 MP: 3/3
   363 | D:1      | HP: 3/14 [frozen (4)]
   366 | D:1      | Reached XP level 3. HP: 5/18 MP: 4/4
   687 | D:1      | Found a faded altar of an unknown god.
   938 | D:1      | 938 ||| UPGRADING to +0 cloak.
   943 | D:1      | 943 ||| UPGRADING to amulet of reflection.
   948 | D:1      | 948 ||| DROPPING +6 ring of intelligence.
   949 | D:1      | 949 ||| UPGRADING to +6 ring of strength.
   950 | D:1      | 950 ||| UPGRADING to ring of poison resistance.
   951 | D:1      | 951 ||| READING 2 scrolls labelled MALYBOL OLABIB.
   952 | D:1      | 952 ||| READING 2 scrolls labelled HEETTO BOPACIEC.
  1053 | D:1      | 1053 ||| READING scroll labelled FOMOIG JEEPS.
  1054 | D:1      | 1054 ||| DROPPING scroll of butterflies.
  1055 | D:1      | 1055 ||| DROPPING scroll of immolation.
  1056 | D:1      | 1056 ||| DROPPING scroll of vulnerability.
  1485 | D:2      | HP: 2/18 [goblin/+0 club (4)]
  1595 | D:2      | Reached skill level 5 in Ranged Weapons
  1595 | D:2      | Reached XP level 4. HP: 22/22 MP: 5/5
  1631 | D:2      | Found Qyrap's General Store.
  1639 | D:2      | 1639 ||| BUYING scroll of identify (20 gold).
  1639 | D:2      | Bought a scroll of identify for 20 gold pieces
  1728 | D:2      | 1728 ||| READING 3 scrolls of identify.
  1728 | D:2      | 1728 ||| IDENTIFYING golden potion
  1729 | D:2      | 1729 ||| READING 2 scrolls of identify.
  1729 | D:2      | 1729 ||| IDENTIFYING 2 purple potions
  1730 | D:2      | 1730 ||| READING scroll of identify.
  1730 | D:2      | 1730 ||| IDENTIFYING scroll labelled ZENOYC NURUC
  1731 | D:2      | 1731 ||| DROPPING scroll of silence.
  1882 | D:3      | Noticed Grinder
  1883 | D:3      | 1883 ||| DRINKING potion of haste.
  1892 | D:3      | HP: 2/22 [Grinder (6)]
  1899 | D:3      | Slain by Grinder

Levels and vault maps discovered:
D:1:      lemuel_arrival_river_ford, layout_loops_corners,
          ebering_ecumenical_altar_sacrificial, serial_bayou_pond_b
D:2:      layout_loops_ring, serial_shops, shop, chequers_hall_statues_corner_a,
          corexii_leaking_fountain
D:3:      layout_basic, amcnicky_altar_gilded, minmay_misc_feat_secret_circle,
          uniq_grinder

Skill      XL: |  1  2  3 |
---------------+----------+-----
Dodging        | 3 4 |  4.7
Ranged Weapons | 5 |  5.0
Fighting       | |  1.5
Stealth        | |  1.5

Action                     |  1- 3 |  4- 6 || total
---------------------------+-------+-------++-------
   Fire: Shortbow          |   114 |    41 ||   155
    Use: Scroll            |     3 |     3 ||     6
         Potion            |       |     1 ||     1
 Armour: Robe              |    18 |     4 ||    22
  Dodge: Dodged            |    51 |    11 ||    62
  Block: Other             |     9 |     3 ||    12
         Reflection        |     2 |       ||     2

Table legend:
 A = Non-vault XP
 B = Vault XP
 C = Vault XP percentage of total XP
 D = Non-vault monster count
 E = Vault monster count
 F = Vault count percentage of total count
                 A         B        C        D         E       F
            +---------+---------+-------+---------+---------+-------
      Total |     107 |      18 |  14.4 |      49 |       3 |   5.8
            +---------+---------+-------+---------+---------+-------
        D:1 |      35 |      18 |  34.0 |      22 |       3 |  12.0
        D:2 |      59 |       0 |   0.0 |      21 |       0 |   0.0
        D:3 |      13 |       0 |   0.0 |       6 |       0 |   0.0
            +---------+---------+-------+---------+---------+-------
